 Dungeon Crawl Stone Soup version 0.25.1-8-g42b30a86e7 (webtiles) character file.

Game seed: 7732997252339125422

1208 hawla the Conjurer (level 8, -6/58 HPs)
             Began as a Gnoll Conjurer on Dec 18, 2020.
             Was an Initiate of Gozag.
             Mangled by Duvessa
             ... wielding a +1 antimagic short sword
              (14 damage)
             ... on level 6 of the Dungeon.
             The game lasted 00:14:14 (6182 turns).

hawla the Conjurer (Gnoll Conjurer)                 Turns: 6182, Time: 00:14:14

Health: -6/58      AC:  3    Str: 11    XL:     8   Next: 45%
Magic:  0/17       EV: 15    Int: 20    God:    Gozag
Gold:   396        SH:  0    Dex: 15    Spells: 12/19 levels left

rFire    . . .     SeeInvis .   d - +1 hand axe "Fest" {vorpal, +Blink rElec} (curse)
rCold    . . .     Gourm    .   (no shield)
rNeg     . . .     Faith    .   j - -2 robe (curse)
rPois    .         Spirit   .   (no helmet)
rElec    +         Reflect  .   (no cloak)
rCorr    .         Harm     .   x - +2 pair of gloves of the Doldrums {*Contam rElec Slay+3}
MR       .....                  (no boots)
Stlth    ++........             (no amulet)
HPRegen  0.19/turn              (no ring)
MPRegen  0.15/turn              (no ring)

@: hasted, glowing, very quick
A: distributed training, fangs 1, strong nose
a: Potion Petition, Call Merchant, Bribe Branch, Renounce Religion, Evoke Blink


You were on level 6 of the Dungeon.
You worshipped Gozag.
Gozag was aware of your devotion.
You were not hungry.

You visited 2 branches of the dungeon, and saw 7 of its levels.

You collected 434 gold pieces.
You paid 38 gold pieces to Gozag.

Inventory:

Hand Weapons
 d - the cursed +1 hand axe "Fest" (weapon) {vorpal, +Blink rElec}
   (You found it on level 6 of the Dungeon)

   It inflicts extra damage upon your enemies.
   It insulates you from electricity.
   It lets you blink.
   It has a curse placed upon it.
 i - a +2 dagger of draining
Missiles
 g - 17 poisoned darts (quivered)
 h - 3 boomerangs
Armour
 a - a +0 robe
 j - a cursed -2 robe (worn)
 x - the +2 pair of gloves of the Doldrums (worn) {*Contam rElec Slay+3}
   (You found it on level 6 of the Dungeon)

   It affects your accuracy and damage with ranged weapons and melee attacks
   (+3).
   It insulates you from electricity.
   It causes magical contamination when unequipped.
Jewellery
 s - an uncursed amulet of faith
Wands
 t - a wand of polymorph (9)
 y - a wand of flame (15)
Scrolls
 k - 2 scrolls of teleportation
 p - a scroll of magic mapping
 q - 2 scrolls of amnesia
 r - a scroll of fear
 u - a scroll of enchant armour
Potions
 b - 3 potions of flight
 e - a potion of ambrosia
 f - a potion of curing
 l - a potion of stabbing
 m - 2 potions of might
 n - 3 potions of lignification
 o - a potion of haste
 v - a potion of brilliance {unknown}
 w - a potion of heal wounds {unknown}
Comestibles
 c - 13 rations


   Skills:
 + Level 3.2 Fighting
 + Level 3.2 Short Blades
 + Level 3.2 Long Blades
 + Level 3.2 Axes
 + Level 3.2 Maces & Flails
 + Level 3.2 Polearms
 + Level 3.2 Staves
 + Level 3.2 Slings
 + Level 3.2 Bows
 + Level 3.2 Crossbows
 + Level 3.2 Throwing
 + Level 3.2 Armour
 + Level 5.6 Dodging
 + Level 5.3 Stealth
 + Level 3.2 Shields
 + Level 3.2 Unarmed Combat
 + Level 6.0 Spellcasting
 + Level 7.6 Conjurations
 + Level 2.6 Hexes
 + Level 2.6 Charms
 + Level 2.6 Summonings
 + Level 2.6 Necromancy
 + Level 2.6 Translocations
 + Level 2.6 Transmutations
 + Level 2.6 Fire Magic
 + Level 2.6 Ice Magic
 + Level 2.6 Air Magic
 + Level 2.6 Earth Magic
 + Level 2.6 Poison Magic
 + Level 3.5 Invocations
 + Level 3.2 Evocations


You had 12 spell levels left.
You knew the following spells:

 Your Spells              Type           Power        Failure   Level  Hunger
a - Magic Dart            Conj           ####         1%          1    None
b - Searing Ray           Conj           #####.       1%          2    None
c - Iskenderun's Mystic   Conj/Tloc      ####....     13%         4    ####...

Your spell library contained the following spells:

 Spells                   Type           Power        Failure   Level  Hunger
 Dazzling Flash           Conj/Hex       ####..       3%          3    ##.....
 Fulminant Prism          Conj/Hex       ####......   13%         4    ####...


Dungeon Overview and Level Annotations

Branches:
Dungeon (6/15)             Temple (1/1) D:4

Altars:
Ashenzari
Cheibriados
Dithmenos
Gozag
Hepliaklqana
Kikubaaqudgha
Makhleb
Nemelex Xobeh
Qazlal
Ru
Sif Muna
Trog
Uskayaw
Vehumet
Wu Jian
Xom
Yredelemnul
Jiyva

Annotations:
D:6 Duvessa


Innate Abilities, Weirdness & Mutations

Your experience applies equally to all skills.
You have very sharp teeth.
Your uncanny sense of smell can sniff out nearby items.


Message History

Duvessa hits you with a +1 antimagic short sword!
You feel your power leaking away.
Without enough magic to sustain it, your searing ray dissipates.
Duvessa hits you with a +1 antimagic short sword!
You feel your power leaking away. Duvessa barely misses you.
Okay, then.
Duvessa closely misses you.
Duvessa rages.
Duvessa hits you with a +1 antimagic short sword!
* * * LOW HITPOINT WARNING * * *
You feel yourself speed up.
Duvessa hits you with a +1 antimagic short sword!
* * * LOW HITPOINT WARNING * * *
You feel your power leaking away. Duvessa hits you but does no damage.
You feel better.
Duvessa hits you with a +1 antimagic short sword!
You die...
Your body crumbles into a pile of gold.

#)..#..'.## $ ∆ +.).# #.
########## ##.## #. .# #.#
#. ..# #.# #. #.# #.# #.
#.# #.# #. #.# #.# #. ###
#.############.####.
..######.#@................
#........e.##########(####.
#..#####.### ### #. #.. #.#
#. #####.>#####.# #.
.............# #######.
.####..####### .......<
....$ ######## ####.#


You could see Duvessa (berserk).

Vanquished Creatures
  Prince Ribbit (D:5)
  An ice beast (D:6)
  4 ogres
  A centaur (D:5)
  A bullfrog (D:6)
  A scorpion (D:4)
  Dowan (D:6)
  2 crimson imps
  A hound (D:6)
  2 worker ants
  11 adders
  A shadow imp (D:4)
  2 oozes
  5 worms
  A dart slug (D:2)
  A leopard gecko (D:3)
  16 orcs
  3 ball pythons
  5 bats
  5 giant cockroaches
  7 goblins
  7 hobgoblins
  14 jackals
  2 quokkas
  5 frilled lizards
  A jackal skeleton (D:4)
  8 kobolds
  A leopard gecko skeleton (D:4)
  A leopard gecko zombie (D:5)
  3 rats
114 creatures vanquished.

Notes
Turn   | Place    | Note
-------+----------+-------------------------------------------
     0 | D:1      | hawla the Gnoll Conjurer began the quest for the Orb.
     0 | D:1      | Reached XP level 1. HP: 13/13 MP: 6/6
   393 | D:1      | Reached XP level 2. HP: 19/19 MP: 5/7
   836 | D:2      | Learned a level 2 spell: Searing Ray
  1248 | D:2      | Reached XP level 3. HP: 22/25 MP: 0/9
  1262 | D:2      | Reached skill level 5 in Spellcasting
  1697 | D:2      | Reached skill level 1 in Invocations
  1797 | D:2      | Reached skill level 1 in Fighting
  1797 | D:2      | Reached skill level 1 in Short Blades
  1797 | D:2      | Reached skill level 1 in Long Blades
  1797 | D:2      | Reached skill level 1 in Axes
  1797 | D:2      | Reached skill level 1 in Maces & Flails
  1797 | D:2      | Reached skill level 1 in Polearms
  1797 | D:2      | Reached skill level 1 in Staves
  1797 | D:2      | Reached skill level 1 in Slings
  1797 | D:2      | Reached skill level 1 in Bows
  1797 | D:2      | Reached skill level 1 in Crossbows
  1797 | D:2      | Reached skill level 1 in Throwing
  1797 | D:2      | Reached skill level 1 in Armour
  1797 | D:2      | Reached skill level 1 in Shields
  1797 | D:2      | Reached skill level 1 in Unarmed Combat
  1797 | D:2      | Reached skill level 1 in Evocations
  1938 | D:2      | Reached XP level 4. HP: 32/32 MP: 9/11
  2077 | D:2      | Found a burning altar of Makhleb.
  2085 | D:2      | Reached skill level 1 in Hexes
  2085 | D:2      | Reached skill level 1 in Charms
  2085 | D:2      | Reached skill level 1 in Summonings
  2085 | D:2      | Reached skill level 1 in Necromancy
  2085 | D:2      | Reached skill level 1 in Translocations
  2085 | D:2      | Reached skill level 1 in Transmutations
  2085 | D:2      | Reached skill level 1 in Fire Magic
  2085 | D:2      | Reached skill level 1 in Ice Magic
  2085 | D:2      | Reached skill level 1 in Air Magic
  2085 | D:2      | Reached skill level 1 in Earth Magic
  2085 | D:2      | Reached skill level 1 in Poison Magic
  2273 | D:2      | Learned a level 4 spell: Iskenderun's Mystic Blast
  2432 | D:3      | Reached XP level 5. HP: 37/37 MP: 9/12
  3334 | D:4      | Reached XP level 6. HP: 44/44 MP: 5/13
  3577 | D:4      | Reached skill level 5 in Dodging
  3770 | D:4      | Found a staircase to the Ecumenical Temple.
  3805 | Temple   | Entered the Ecumenical Temple
  4231 | D:4      | Found a sacrificial altar of Ru.
  4235 | D:4      | Found a basalt altar of Yredelemnul.
  4235 | D:4      | Found an opulent altar of Gozag.
  4246 | D:4      | Found a radiant altar of Vehumet.
  4263 | D:4      | Became a worshipper of Gozag Ym Sagoz the Greedy
  4318 | D:4      | Found a hazy altar of Hepliaklqana.
  4527 | D:5      | Entered Level 5 of the Dungeon
  4639 | D:5      | Reached XP level 7. HP: 50/50 MP: 11/15
  4944 | D:5      | Noticed Prince Ribbit
  4950 | D:5      | Killed Prince Ribbit
  4950 | D:5      | Reached skill level 5 in Stealth
  5506 | D:6      | Reached XP level 8. HP: 52/57 MP: 8/16
  5580 | D:6      | Got a crude hand axe
  5581 | D:6      | Identified the cursed +1 hand axe "Fest" {vorpal, +Blink
                  | rElec} (You found it on level 6 of the Dungeon)
  5671 | D:6      | Got a pair of smouldering gloves
  5678 | D:6      | Identified the +2 pair of gloves of the Doldrums {*Contam
                  | rElec Slay+3} (You found it on level 6 of the Dungeon)
  6164 | D:6      | Noticed Dowan
  6166 | D:6      | Noticed Duvessa
  6169 | D:6      | Killed Dowan
  6177 | D:6      | HP: 1/58 [Duvessa/+1 antimagic short sword (15)]
  6182 | D:6      | Mangled by Duvessa

Illustrated notes

Levels and vault maps discovered:
D:1:      dpeg_arrival_pits, layout_basic, minmay_pentomino_u2
D:2:      layout_basic, makhleb_grotto_becter, minmay_quantized
D:3:      layout_loops_cross
D:4:      layout_cave_pools, minmay_overflow_temple_star_hex, temple_fountains
D:5:      layout_basic, first_ration, uniq_prince_ribbit1
D:6:      minmay_razor_zed, layout_loops_ring, uniq_duvessa
Temple:   pf_slime_end_temple

Skill      XL: |  1  2  3  4  5  6  7  8 |
---------------+-------------------------+-----
Spellcasting   | 5 6 |  6.0
Invocations    | 1 2 3 |  3.5
Fighting       | 1 2 3 |  3.2
Short Blades   | 1 2 3 |  3.2
Long Blades    | 1 2 3 |  3.2
Axes           | 1 2 3 |  3.2
Maces & Flails | 1 2 3 |  3.2
Polearms       | 1 2 3 |  3.2
Staves         | 1 2 3 |  3.2
Slings         | 1 2 3 |  3.2
Bows           | 1 2 3 |  3.2
Crossbows      | 1 2 3 |  3.2
Throwing       | 1 2 3 |  3.2
Armour         | 1 2 3 |  3.2
Shields        | 1 2 3 |  3.2
Unarmed Combat | 1 2 3 |  3.2
Evocations     | 1 2 3 |  3.2
Hexes          | 1 2 |  2.6
Charms         | 1 2 |  2.6
Summonings     | 1 2 |  2.6
Necromancy     | 1 2 |  2.6
Translocations | 1 2 |  2.6
Transmutations | 1 2 |  2.6
Fire Magic     | 1 2 |  2.6
Ice Magic      | 1 2 |  2.6
Air Magic      | 1 2 |  2.6
Earth Magic    | 1 2 |  2.6
Poison Magic   | 1 2 |  2.6
Dodging        | 5 |  5.6
Stealth        | 5 |  5.3
Conjurations   | |  7.6

Action                   |  1- 3 |  4- 6 |  7- 9 || total
-------------------------+-------+-------+-------++-------
Melee: Unarmed           |     2 |       |       ||     2
       Dagger            |    10 |       |       ||    10
       Bite              |     1 |       |     1 ||     2
       Hand axe          |       |       |    15 ||    15
 Cast: Magic Dart        |    43 |    83 |    26 ||   152
       Searing Ray       |     8 |    28 |    12 ||    48
       Iskenderun's Myst |       |     1 |     4 ||     5
 Abil: Evoke Blink       |       |       |     2 ||     2
  Use: Scroll            |     2 |     8 |     3 ||    13
       Potion            |       |       |     2 ||     2
  Eat: Chunk             |     3 |     7 |       ||    10
       Ration            |       |       |     2 ||     2
Armor: Robe              |       |       |     4 ||     4
Dodge: Dodged            |    13 |     7 |    31 ||    51
